 Dungeon Crawl Stone Soup version 0.28.0-47-ge53b351184 (webtiles) character file.

Game seed: 13779566207596708319

97 GigaChad the Covered (level 4, 0/40 HPs)
             Began as a Minotaur Fighter on May 2, 2022.
             Was a Follower of Okawaru.
             Slain by an orc
             ... wielding a +0 whip
              (2 damage)
             ... on level 3 of the Dungeon on May 3, 2022.
             The game lasted 00:07:46 (3069 turns).

GigaChad the Covered (Minotaur Fighter)             Turns: 3069, Time: 00:07:46

Health: 0/40       AC:  7    Str: 21    XL:     4   Next: 42%
Magic:  3/3        EV: 10    Int:  5    God:    Okawaru [*.....]
Gold:   118        SH:  0    Dex: 11    Spells: 3/3 levels left

rFire   . . .      SeeInvis .   f - +0 great mace
rCold   . . .      Faith    .   (shield currently unavailable)
rNeg    . . .      Spirit   .   b - +0 scale mail
rPois   .          Reflect  .   (helmet restricted)
rElec   .          Harm     .   (no cloak)
rCorr   .          Rampage  .   (no gloves)
Will    .....                   (no boots)
Stlth   ..........              (no amulet)
HPRegen 0.13/turn               (no ring)
MPRegen 0.08/turn               (no ring)

@: no status effects
A: horns 2, retaliatory headbutt
a: Renounce Religion, Heroism


You were on level 3 of the Dungeon.
You worshipped Okawaru.
Okawaru was aware of your devotion.
You visited 1 branch of the dungeon, and saw 3 of its levels.

You collected 118 gold pieces.

Inventory:

Hand Weapons
 a - a +0 long sword of protection
 f - a +0 great mace (weapon)
Armour
 b - a +0 scale mail (worn)
 c - a +0 buckler
Scrolls
 e - 3 scrolls of teleportation
 i - a scroll of identify {unknown}
Potions
 d - a potion of might
 g - a potion of attraction {unknown}
 h - 2 potions of flight {unknown}
 j - a potion of degeneration {unknown}


   Skills:
 + Level 3.8 Fighting
 + Level 3.7 Long Blades
 + Level 4.6 Armour
 + Level 1.0 Dodging
 + Level 0.1 Stealth
 + Level 4.3 Shields


You had 3 spell levels left.
You didn't know any spells.
Your spell library was empty.

Dungeon Overview and Level Annotations

Branches:
Dungeon (3/15)

Altars:
Okawaru
Vehumet

Shops:
D:2 *

Annotations:
D:3 Grinder


Innate Abilities, Weirdness & Mutations

You have a pair of horns on your head.
You reflexively headbutt those who attack you in melee.


Message History

The goblin zaps a wand.
The puff of flame hits you.
* * * LOW HITPOINT WARNING * * *
The goblin hits you but does no damage.
You sock the goblin!
You kill the goblin!
Okawaru accepts your kill. Something hits you but does no damage.
An orc comes into view. It is wielding a +0 hand axe.
Something hits you.
* * * LOW HITPOINT WARNING * * *
The orc shouts!
Something hits you.
* * * LOW HITPOINT WARNING * * *
Things that are here:
a wand of flame (3); a goblin corpse An orc comes into view.
It is wielding a +0 whip.
Found 17 stones.
The orc shouts!
You hear some strange, mumbled words.
You are confused.
Something hits you.
* * * LOW HITPOINT WARNING * * *
You barely miss the orc. The orc hits you but does no damage.
Something hits you but does no damage. The orc barely misses you.
The orc hits you with a +0 hand axe.
* * * LOW HITPOINT WARNING * * *
You miss something.
You feel less confused. Something hits you but does no damage.
The orc barely misses you. Something hits you but does no damage.
The orc hits you with a +0 whip.
* * * LOW HITPOINT WARNING * * *
The orc hits you but does no damage.
You miss something. Something hits you.
* * * LOW HITPOINT WARNING * * *
The orc barely misses you. You furiously retaliate!
You headbutt the orc, but do no damage. The orc closely misses you.
Something hits you but does no damage.
You miss something. The orc barely misses you.
The orc hits you but does no damage. Something hits you but does no damage.
The orc hits you with a +0 whip.
You die...

#######
......# .
####....(.#
#.#.......?.#
#.....#.....#
#..........
#..#._.#.#
#....o..#
#...#@o.#
#.......#
##..#/(##
##.#.## #...#
##.<## #...#
##..# #..#


You could see 2 orcs.

Vanquished Creatures
  Robin (D:2)
  3 adders (D:2)
  2 ball pythons
  5 bats
  5 endoplasms
  5 giant cockroaches
  18 goblins
  4 hobgoblins
  A frilled lizard (D:2)
  5 kobolds
  4 rats
53 creatures vanquished.

Notes
Turn   | Place    | Note
-------+----------+-------------------------------------------
     0 | D:1      | GigaChad the Minotaur Fighter began the quest for the Orb.
     0 | D:1      | Reached XP level 1. HP: 19/19 MP: 0/0
   276 | D:1      | Noticed a shining eye
   282 | D:1      | Found a faded altar of an unknown god.
   312 | D:1      | Noticed a floating eye
   313 | D:1      | Noticed a great orb of eyes
   313 | D:1      | Noticed an eye of devastation
   320 | D:1      | Prayed at the altar of an unknown god.
   320 | D:1      | Became a worshipper of Warmaster Okawaru
   320 | D:1      | Reached * piety under Okawaru
   521 | D:1      | Reached XP level 2. HP: 13/27 MP: 1/1
  1418 | D:2      | Reached XP level 3. HP: 33/33 MP: 2/2
  1471 | D:2      | Noticed Robin
  1504 | D:2      | Killed Robin
  2053 | D:2      | Reached skill level 1 in Dodging
  2395 | D:2      | Reached XP level 4. HP: 40/40 MP: 3/3
  2843 | D:2      | Found Kyogoame's General Store.
  2924 | D:3      | Noticed Grinder
  3051 | D:3      | Found a radiant altar of Vehumet.
  3068 | D:3      | HP: 1/40 [something (3)]
  3069 | D:3      | Slain by an orc

Illustrated notes

Levels and vault maps discovered:
D:1:      mainiacjoe_arrival_reflecting_pool, layout_loops_corners,
          hellmonk_ecumenical_altar_watching_god
D:2:      kennysheep_the_goblin_king, layout_basic, serial_shops, shop,
          minmay_cupped, uniq_crazy_yiuf_cottage, uniq_robin
D:3:      layout_basic, bloody_makhleb, cheibriados_altar_1,
          vehumet_altar_wand_db, zin_scriptorium, uniq_grinder

Skill      XL: |  1  2  3 |
---------------+----------+-----
Armour         | 4 |  4.6
Long Blades    | 3 |  3.7
Shields        | 4 |  4.3
Dodging        | 1 |  1.0
Fighting       | |  3.8
Stealth        | |  0.1

Action                   |  1- 3 |  4- 6 || total
-------------------------+-------+-------++-------
Melee: Long sword        |    65 |    11 ||    76
       Headbutt          |     8 |     3 ||    11
       Great mace        |       |    16 ||    16
  Use: Scroll            |     1 |     5 ||     6
Armor: Scale mail        |    57 |    28 ||    85
Dodge: Dodged            |    55 |    25 ||    80
Block: Buckler           |    35 |     3 ||    38
